 Dungeon Crawl Stone Soup version 0.29-a0-22-gbf593b16ee (webtiles) character file.

Game seed: 6978575998783353253

1626 Gwenloh the Shield-Bearer (level 9, -2/69 HPs)
             Began as a Human Fighter on Jan 28, 2022.
             Was a Priest of Zin.
             Slain by a gargoyle (4 damage)
             ... on level 6 of the Dungeon on Jan 29, 2022.
             The game lasted 00:14:28 (6721 turns).

Gwenloh the Shield-Bearer (Human Fighter)           Turns: 6721, Time: 00:14:29

Health: -2/69      AC:  8    Str: 19    XL:     9   Next: 17%
Magic:  0/18       EV:  9    Int: 12    God:    Zin [***...]
Gold:   294        SH:  6    Dex: 16    Spells: 8/8 levels left

rFire   . . .      SeeInvis .   a - +5 spear of Arrival {vorpal, MP+9 Str+2 Int+3}
rCold   . . .      Faith    .   c - +0 buckler
rNeg    + . .      Spirit   +   A - +0 scale mail
rPois   .          Reflect  .   E - +0 helmet
rElec   .          Harm     .   (no cloak)
rCorr   +          Rampage  .   (no gloves)
Will    .....                   (no boots)
Stlth   ..........              r - amulet of guardian spirit
HPRegen 0.21/turn               k - ring of resist corrosion
MPRegen 0.16/turn               n - ring of positive energy

@: on recite cooldown
A: no striking features
a: Renounce Religion, Recite, Vitalisation, Imprison, Donate Gold


You were on level 6 of the Dungeon.
You worshipped Zin.
Zin was most pleased with you.
You visited 1 branch of the dungeon, and saw 6 of its levels.

You collected 326 gold pieces.
You donated 32 gold pieces to Zin.

Inventory:

Hand Weapons
 a - the +5 spear of Arrival (weapon) {vorpal, MP+9 Str+2 Int+3}
   (You found it on level 3 of the Dungeon)

   It inflicts extra damage upon your enemies.
   Str:       It affects your strength (+2).
   Int:       It affects your intelligence (+3).
   MP:        It affects your magic capacity (+9).
 b - a +0 hunting sling
 u - a +0 long sword
Missiles
 e - 117 stones
 m - 43 bolts
 H - 2 poisoned darts (quivered)
 J - 18 sling bullets
Armour
 c - a +0 buckler (worn)
 A - a +0 scale mail (worn)
 E - a +0 helmet (worn)
Jewellery
 f - a ring of wizardry
 k - a ring of resist corrosion (left hand)
 n - a ring of positive energy (right hand)
 r - an amulet of guardian spirit (around neck)
 y - a ring of ice
 F - an amulet of reflection
Scrolls
 i - a scroll of enchant weapon
 j - 2 scrolls of identify
 o - a scroll of teleportation
 q - a scroll of summoning
 s - a scroll of noise
 v - a scroll of amnesia {unknown}
 w - a scroll of magic mapping {unknown}
 B - a scroll of enchant armour {unknown}
 D - a scroll of blinking {unknown}
Potions
 d - 2 potions of might
 g - a potion of heal wounds {unknown}
 h - 3 potions of curing {unknown}
 l - a potion of brilliance {unknown}
 p - a potion of mutation {unknown}
 t - a potion of resistance {unknown}
 x - a potion of ambrosia
 z - a potion of degeneration {unknown}
 C - a potion of attraction {unknown}
 G - a potion of magic {unknown}
 I - a potion of cancellation {unknown}


   Skills:
 + Level 6.2 Fighting
 + Level 5.8 Long Blades
 + Level 6.2 Armour
 + Level 6.2 Shields


You had 8 spell levels left.
You didn't know any spells.
Your spell library contained the following spells:

 Spells                   Type           Power      Damage    Failure   Level
 Sting                    Tmut/Pois      0%         1d3       75%         1
 Ensorcelled Hibernation  Hex/Ice        0%         N/A       86%         2
 Passwall                 Tmut/Erth      0%         N/A       86%         2
 Poisonous Vapours        Pois/Air       0%         N/A       86%         2
 Swiftness                Air            0%         N/A       98%         3
 Tukima's Dance           Hex            0%         N/A       98%         3
 Olgreb's Toxic Radiance  Pois           0%         N/A       100%        4
 Passage of Golubria      Tloc           0%         N/A       100%        4
 Yara's Violent Unravell  Hex/Tmut       0%         3d3       100%        5


Dungeon Overview and Level Annotations

Branches:
Dungeon (6/15)
 Temple: D:4-7

Altars:
Zin

Shops:
D:1 [*   D:2 (

Annotations:
D:4 Pikel
D:5 2 transporters, kae's ghost, amateur DrTm


Message History

The gargoyle closely misses you. x2
You hit the gargoyle but do no damage.
The gargoyle is lightly damaged.
You block the gargoyle's attack.
You hit the gargoyle.
The gargoyle is lightly damaged.
The gargoyle hurls a stone arrow at you.
The stone arrow misses you.
You hit the gargoyle.
The gargoyle is moderately damaged.
You block the gargoyle's attack.
You hit the gargoyle but do no damage.
The gargoyle is moderately damaged.
The gargoyle hurls a stone arrow at you.
The stone arrow misses you.
You hit the gargoyle but do no damage.
The gargoyle is moderately damaged.
The gargoyle hits you with a +0 morningstar.
The gargoyle hits you with a +0 morningstar!
You hit the gargoyle.
The gargoyle is moderately damaged.
The gargoyle hits you with a +0 morningstar!
You are too injured to fight recklessly!
You completely miss the gargoyle.
The gargoyle is moderately damaged.
The gargoyle hurls a stone arrow at you.
The stone arrow hits you!!
* * * LOW HITPOINT WARNING * * *
You hit the gargoyle but do no damage.
The gargoyle is moderately damaged.
The gargoyle hits you with a +0 morningstar!
* * * LOW HITPOINT WARNING * * *
You hit the gargoyle but do no damage.
The gargoyle is moderately damaged.
The gargoyle hurls a stone arrow at you.
The stone arrow misses you.
You barely miss the gargoyle.
The gargoyle is moderately damaged.
The gargoyle hits you with a +0 morningstar.
You die...

### ##.## . ##...#
#.. ##....###...
#...[..#.... #
#...@......# .##
###.9.....## .)##
##.....## ...###
###.....##
.....#####
##......##
....#9...###......##
...9.####.9......##
....## ####....##
..### #...##


You could see a gargoyle.

Vanquished Creatures
  Grinder (D:4)
  Sigmund (D:5)
  Duvessa (D:5)
  A black bear (D:4)
  A sky beast (D:6)
  2 ogres
  3 lemures (D:4)
  Blork the orc (D:4)
  A kobold brigand (D:3)
  2 scorpions
  A wyvern zombie (D:5)
  Dowan (D:5)
  A bullfrog zombie (D:5)
  2 hounds
  A jelly (D:5)
  A centaur skeleton (D:5)
  A bullfrog skeleton (D:5)
  A gnoll shaman (D:5)
  Robin (D:4)
  5 gnolls
  5 adders
  A shadow imp (D:5)
  2 ufetubi (D:5)
  An adder skeleton (D:3)
  2 worms
  4 dart slugs
  7 orcs
  6 endoplasms
  2 giant cockroaches
  15 goblins
  6 hobgoblins
  7 quokkas
  11 ball pythons
  6 bats
  7 frilled lizards
  9 kobolds
  4 rats
124 creatures vanquished.

Vanquished Creatures (others)
  3 fungi (D:5)
  5 toadstools (D:5)
8 creatures vanquished.

Grand Total: 132 creatures vanquished

Notes
Turn   | Place    | Note
-------+----------+-------------------------------------------
     0 | D:1      | Gwenloh the Human Fighter began the quest for the Orb.
     0 | D:1      | Reached XP level 1. HP: 18/18 MP: 1/1
    16 | D:1      | Found Kyukk's Assorted Antiques.
    91 | D:1      | Reached XP level 2. HP: 22/24 MP: 2/2
   388 | D:1      | Found Xaefayga's Antique Armour Shoppe.
   802 | D:1      | Reached XP level 3. HP: 29/29 MP: 3/3
  1230 | D:2      | Found Duerrela's Antique Weapon Shop.
  1260 | D:2      | Found a glowing silver altar of Zin.
  1267 | D:2      | Became a worshipper of Zin the Law-Giver
  1522 | D:2      | Reached XP level 4. HP: 35/35 MP: 4/4
  1953 | D:3      | Identified the +5 spear of Arrival {vorpal, MP+9 Str+2
                  | Int+3}
  2213 | D:3      | Reached XP level 5. HP: 26/41 MP: 5/5
  2336 | D:3      | Noticed a kobold brigand
  2352 | D:3      | Killed a kobold brigand
  2377 | D:3      | Reached * piety under Zin
  3106 | D:4      | Noticed an ogre
  3116 | D:4      | Noticed a black bear
  3118 | D:4      | Killed an ogre
  3119 | D:4      | Reached XP level 6. HP: 48/48 MP: 6/6
  3128 | D:4      | Killed a black bear
  3129 | D:4      | Reached XP level 7. HP: 50/55 MP: 7/7
  3198 | D:4      | Noticed Robin
  3205 | D:4      | Killed Robin
  3331 | D:4      | Noticed Blork the orc
  3340 | D:4      | Killed Blork the orc
  3602 | D:4      | Noticed Grinder
  3602 | D:4      | Paralysed by Grinder for 7 turns
  3612 | D:4      | Paralysed by Grinder for 2 turns
  3620 | D:4      | Killed Grinder
  3621 | D:4      | Reached skill level 5 in Armour
  3621 | D:4      | Reached skill level 5 in Shields
  3884 | D:4      | Noticed Pikel
  4330 | D:4      | Reached skill level 5 in Fighting
  4385 | D:4      | Reached XP level 8. HP: 53/62 MP: 8/8
  4572 | D:5      | Entered Level 5 of the Dungeon
  4607 | D:5      | Noticed Sigmund
  4618 | D:5      | Killed Sigmund
  4635 | D:5      | Reached ** piety under Zin
  4640 | D:5      | Found a transporter.
  4644 | D:5      | Found a transporter.
  4644 | D:5      | Noticed kae's ghost (amateur DrTm)
  4704 | D:5      | Reached skill level 5 in Long Blades
  5761 | D:5      | Reached *** piety under Zin
  5809 | D:5      | Noticed Dowan
  5813 | D:5      | Noticed Duvessa
  5821 | D:5      | Killed Duvessa
  5828 | D:5      | Killed Dowan
  5829 | D:5      | Reached XP level 9. HP: 55/69 MP: 9/9
  6664 | D:6      | Upgraded the game from 0.29-a0-11-ga75d3d97ab to
                  | 0.29-a0-22-gbf593b16ee
  6683 | D:6      | Noticed a gargoyle
  6719 | D:6      | HP: 2/69 [gargoyle (5)]
  6721 | D:6      | Slain by a gargoyle

Illustrated notes

Levels and vault maps discovered:
D:1:      minmay_arrival_arboretum_small, layout_basic, serial_shops, shop, shop
D:2:      layout_rooms, serial_shops, nicolae_shop_statue_plus, basic_altar,
          roderic_nine_men_s_morris
D:3:      minmay_chambers_of_twos, layout_basic
D:4:      layout_loops_corners, uniq_blork_the_orc, uniq_robin, uniq_grinder,
          uniq_pikel
D:5:      layout_loops_ring, gammafunk_ghost_hive, nicolae_ossuary_entry_plus,
          minmay_gold_behind_fungi, dk_noncrumbling_3, uniq_sigmund,
          uniq_duvessa
D:6:      layout_cave_pods, kiku_gazebo_pond_becter, st_stairs_1,
          grunt_decor_arrowhead, minmay_manual_mail, uniq_eustachio

Skill      XL: |  1  2  3  4  5  6  7  8  9 |
---------------+----------------------------+-----
Long Blades    | 3 4 5 |  5.8
Armour         | 4 5 6 |  6.2
Shields        | 4 5 6 |  6.2
Fighting       | 4 5 6 |  6.2

Action                   |  1- 3 |  4- 6 |  7- 9 || total
-------------------------+-------+-------+-------++-------
Melee: Long sword        |   104 |    10 |       ||   114
       Spear             |       |    79 |   211 ||   290
 Fire: Hunting sling     |       |       |    11 ||    11
Throw: Stone             |   121 |    37 |    32 ||   190
       Dart              |       |    10 |    42 ||    52
Invok: Recite            |       |       |     2 ||     2
       Vitalisation      |       |       |     2 ||     2
  Use: Scroll            |       |       |     4 ||     4
Armor: Scale mail        |    66 |    15 |    60 ||   141
Dodge: Dodged            |    55 |    25 |    90 ||   170
Block: Buckler           |    33 |    22 |    43 ||    98

Table legend: (Time is in decaauts)
 A = Elapsed time spent in this place.
 B = Non-inter-level travel time spent in this place.
 C = Inter-level travel time spent in this place.
 D = Time resting spent in this place.
 E = Time spent auto-exploring this place.
 F = Levels seen in this place.
 G = Mean time per level.
                   A        B        C        D        E       F      G
               +--------+--------+--------+--------+--------+-----+--------+
         Total |   6825 |   6530 |    295 |    300 |   4974 |   6 | 1137.5 |
       Dungeon |   6825 |   6530 |    295 |    300 |   4974 |   6 | 1137.5 |
               +--------+--------+--------+--------+--------+-----+--------+

Top non-repeatable levels by time:
     D:4: 1749 daAuts
     D:5: 1542 daAuts
     D:3: 1314 daAuts
     D:1: 999 daAuts
     D:2: 830 daAuts
     D:6: 389 daAuts
